 Dungeon Crawl Stone Soup version 0.30.1-3-gfc49f6343a (webtiles) character file.

Game seed: 2402320027254332791

196 jtron the Fighter (level 5, -2/76 HPs)
             Began as a Gnoll Wanderer on Aug 8, 2023.
             Slain by a gnoll
             ... wielding a +0 spear
              (7 damage)
             ... on level 4 of the Dungeon.
             The game lasted 00:07:10 (2668 turns).

jtron the Fighter (Gnoll Wanderer)                  Turns: 2668, Time: 00:07:11

Health: -2/76      AC: 22    Str:  9    XL:     5   Next: 75%
Magic:  9/9        EV:  2    Int: 14    God:
Gold:   140        SH:  0    Dex: 13    Spells: 6/10 levels left

rFire   . . .        a - +1 short sword (drain)
rCold   . . .        (no shield)
rNeg    . . .        c - melded +0 robe
rPois   +            (helmet currently unavailable)
rElec   .            p - melded +0 cloak
rCorr   .            s - melded +0 pair of gloves
SInv    .            (boots currently unavailable)
Will    .....        (no amulet)
Stlth   ++           (no ring)
HPRegen 0.32/turn    (no ring)
MPRegen 0.11/turn

%: no passive effects
@: tree-form
A: stationary, stasis, torment immunity, boosted hp, (fangs 1), strong nose,
distributed training
a: no special abilities


You were on level 4 of the Dungeon.
You were a tree.
You visited 1 branch of the dungeon, and saw 4 of its levels.

You collected 140 gold pieces.

Inventory:

Hand Weapons
 a - a +1 short sword of draining (weapon)
 g - a +0 dagger
Missiles
 m - 2 javelins (quivered)
 r - a boomerang
Armour
 c - a +0 robe (melded)
 p - a +0 cloak (melded)
 s - a +0 pair of gloves (melded)
Magical Staves
 i - a staff of poison
Scrolls
 b - 3 scrolls of teleportation
 f - 2 scrolls of identify {unknown}
 h - 2 scrolls of enchant armour {unknown}
 j - a scroll of fear
 k - a scroll of enchant weapon {unknown}
 q - 2 scrolls of immolation {unknown}
 v - a scroll of amnesia
Potions
 d - a potion of lignification
 e - 2 potions of degeneration {unknown}
 l - 2 potions of heal wounds {unknown}
 n - 6 potions of curing {unknown}
 o - a potion of brilliance {unknown}
 t - a potion of resistance {unknown}
 u - a potion of magic {unknown}
 w - a potion of invisibility {unknown}
 x - a potion of flight {unknown}
 z - a potion of haste


   Skills:
 + Level 8.7 Fighting
 + Level 1.7 Short Blades
 + Level 1.7 Long Blades
 + Level 1.7 Axes
 + Level 1.7 Maces & Flails
 + Level 1.7 Polearms
 + Level 1.7 Staves
 + Level 1.7 Ranged Weapons
 + Level 1.7 Throwing
 + Level 1.7 Armour
 + Level 3.1 Dodging
 + Level 1.7 Stealth
 + Level 1.7 Shields
 + Level 1.7 Unarmed Combat
 + Level 3.3 Spellcasting
 + Level 1.3 Conjurations
 + Level 4.0 Hexes
 + Level 1.3 Summonings
 + Level 1.3 Necromancy
 + Level 1.3 Translocations
 + Level 4.0 Transmutations
 + Level 1.3 Fire Magic
 + Level 1.3 Ice Magic
 + Level 1.3 Air Magic
 + Level 1.3 Earth Magic
 + Level 1.3 Poison Magic
 + Level 1.9 Invocations
 + Level 1.7 Evocations


You had 6 spell levels left.
You knew the following spells:

 Your Spells              Type           Power      Damage    Failure   Level
a - Beastly Appendage     Tmut           26%        N/A       4%          1
b - Wereblood             Tmut           13%        N/A       6%          2
c - Slow                  Hex            52%        N/A       4%          1

Your spell library contained the following spells:

 Spells                   Type           Power      Damage    Failure   Level
 Poisonous Vapours        Pois/Air       12%        N/A       19%         2
 Sublimation of Blood     Necr           6%         N/A       19%         2
 Summon Guardian Golem    Hex/Summ       9%         N/A       21%         3
 Mephitic Cloud           Conj/Pois/Air  6%         N/A       34%         3
 Petrify                  Tmut/Erth      9%         N/A       56%         4
 Freezing Cloud           Conj/Ice/Air   3%         6-21      97%         5
 Iskenderun's Battlesphe  Conj           6%         2d6       97%         5
 Iron Shot                Conj/Erth      3%         9d2       100%        6
 Spellforged Servitor     Conj/Summ      3%         N/A       100%        7
 Summon Hydra             Summ           3%         N/A       100%        7


Dungeon Overview and Level Annotations

Branches:
Dungeon (4/15)             Temple (0/1) D:4

Altars:
Elyvilon
Okawaru
Qazlal
Yredelemnul
The Shining One

Shops:
D:1 :   D:4 [


Innate Abilities, Weirdness & Mutations

You are a tree.
Your roots penetrate the ground, keeping you stationary.
You cannot be teleported.
You are immune to unholy pain and torment.
Your maximum health is greatly increased.
Your equipment is partially melded.
((You have very sharp teeth.))
Your uncanny sense of smell can sniff out nearby items.
Your experience applies equally to all skills.


Message History

The gnoll hits you with a +0 halberd! The gnoll hits you with a +0 flail!
* * * LOW HITPOINT WARNING * * *
The gnoll hits you with a +0 spear!
* * * LOW HITPOINT WARNING * * *
Things that are here:
a +0 halberd; a gnoll corpse You are too injured to fight recklessly!
You are too injured to fight recklessly!
You are too injured to fight recklessly!
You are too injured to fight recklessly!
You are too injured to fight recklessly!
You are too injured to fight recklessly!
The gnoll barely misses you.
The gnoll hits you from afar with a +0 spear.
* * * LOW HITPOINT WARNING * * *
Really quaff the potion of lignification?
You turn into a tree.
Your +0 cloak melds into your body.
Your +0 pair of gloves melds into your body.
Your +0 robe melds into your body.
Your roots penetrate the ground.
The gnoll hits you but does no damage. x3
You closely miss the gnoll.
The gnoll hits you but does no damage. x2
The gnoll barely misses you.
You closely miss the gnoll. Your punch misses the gnoll.
The gnoll barely misses you. The gnoll hits you but does no damage.
The gnoll completely misses you.
You hit the gnoll. You drain the gnoll.
The gnoll is moderately wounded.
The gnoll hits you but does no damage. x2; The gnoll completely misses you.
You hit the gnoll.
The gnoll is moderately wounded.
The gnoll hits you from afar with a +0 halberd.
* * * LOW HITPOINT WARNING * * *
The gnoll completely misses you. The gnoll barely misses you.
You hit the gnoll. You drain the gnoll.
The gnoll is severely wounded.
The gnoll barely misses you.
The gnoll hits you but does no damage. x2
You hit the gnoll.
The gnoll is severely wounded.
The gnoll hits you from afar with a +0 spear!
You die...

#. + #♣~†♣ ####. #. #~
#♣~♣♣~# #. #####.##
♣~♣~♣# ~# ##. #......#
♣~~~♣#♣### #.. #......#
#♣~♣~♣##.# #.. #......#
♣~♣#♣~#..# #.. #....g.#
P~♣#♣♣~'..# ##.
#....gg##+##♣~~##..# ##.
####..#♣...######..# #..
....##...## #...# #..
#######.>## ###.###..
#.......#######...#....
........................
.#..........##..........
#......###..#..........
#...........#).........
..########..............


You could see 3 gnolls.

Vanquished Creatures
  A hound (D:3)
  An orc wizard (D:4)
  4 gnolls (D:4)
  3 adders
  2 worms
  6 orcs
  7 ball pythons
  4 bats
  3 endoplasms
  4 giant cockroaches
  5 goblins
  5 hobgoblins
  5 quokkas
  5 frilled lizards
  8 kobolds
  6 rats
69 creatures vanquished.

Notes
Turn   | Place    | Note
-------+----------+-------------------------------------------
     0 | D:1      | jtron the Gnoll Wanderer began the quest for the Orb.
     0 | D:1      | jtron set off with the following items: a +0 dagger, a
                  | scroll of teleportation, a +0 robe, a potion of
                  | lignification; and the following spells available to
                  | memorise: Beastly Appendage, Slow, Wereblood, Summon
                  | Guardian Golem, Petrify.
     0 | D:1      | Reached XP level 1. HP: 26/26 MP: 4/4
   194 | D:1      | Reached XP level 2. HP: 33/33 MP: 5/5
   399 | D:1      | Found a faded altar of an unknown god.
   483 | D:1      | Learned a level 1 spell: Beastly Appendage
   486 | D:1      | Learned a level 2 spell: Wereblood
   496 | D:1      | Found Cukips's Book Shop.
  1045 | D:2      | Reached XP level 3. HP: 29/36 MP: 2/7
  1247 | D:2      | Reached skill level 1 in Invocations
  1373 | D:2      | Found a stormy altar of Qazlal.
  1422 | D:2      | Learned a level 1 spell: Slow
  1462 | D:3      | Reached skill level 1 in Short Blades
  1462 | D:3      | Reached skill level 1 in Long Blades
  1462 | D:3      | Reached skill level 1 in Axes
  1462 | D:3      | Reached skill level 1 in Maces & Flails
  1462 | D:3      | Reached skill level 1 in Polearms
  1462 | D:3      | Reached skill level 1 in Staves
  1462 | D:3      | Reached skill level 1 in Ranged Weapons
  1462 | D:3      | Reached skill level 1 in Throwing
  1462 | D:3      | Reached skill level 1 in Armour
  1462 | D:3      | Reached skill level 1 in Stealth
  1462 | D:3      | Reached skill level 1 in Shields
  1462 | D:3      | Reached skill level 1 in Unarmed Combat
  1462 | D:3      | Reached skill level 1 in Evocations
  1513 | D:3      | Reached skill level 1 in Conjurations
  1513 | D:3      | Reached skill level 1 in Summonings
  1513 | D:3      | Reached skill level 1 in Necromancy
  1513 | D:3      | Reached skill level 1 in Translocations
  1513 | D:3      | Reached skill level 1 in Fire Magic
  1513 | D:3      | Reached skill level 1 in Ice Magic
  1513 | D:3      | Reached skill level 1 in Air Magic
  1513 | D:3      | Reached skill level 1 in Earth Magic
  1513 | D:3      | Reached skill level 1 in Poison Magic
  1513 | D:3      | Reached XP level 4. HP: 31/45 MP: 4/8
  1605 | D:3      | Found a basalt altar of Yredelemnul.
  2064 | D:3      | Found a white marble altar of Elyvilon.
  2238 | D:4      | Reached XP level 5. HP: 51/51 MP: 5/9
  2333 | D:4      | Found Jeujy's Armour Boutique.
  2493 | D:4      | Found a glowing golden altar of the Shining One.
  2493 | D:4      | Found an iron altar of Okawaru.
  2577 | D:4      | Found a staircase to the Ecumenical Temple.
  2661 | D:4      | HP: 2/51 [gnoll/+0 spear (4)]
  2668 | D:4      | Slain by a gnoll

Illustrated notes

Levels and vault maps discovered:
D:1:      lemuel_arrival_room, layout_loops_ring, serial_shops,
          nicolae_shop_statue_plus, shapermc_ecumenical_altar_mp_urbaneastern,
          minmay_crystal_room
D:2:      layout_rooms, basic_altar
D:3:      layout_loops_cross, kennysheep_ying_yang, minmay_fractal_squares_5
D:4:      layout_rooms, mainiacjoe_overflow_divided_tiny,
          minmay_temple_entry_waves, serial_shops, shop, saegor_snake_ambush

Skill      XL: |  1  2  3  4  5 |
---------------+----------------+-----
Invocations    | 1 |  1.9
Short Blades   | 1 |  1.7
Long Blades    | 1 |  1.7
Axes           | 1 |  1.7
Maces & Flails | 1 |  1.7
Polearms       | 1 |  1.7
Staves         | 1 |  1.7
Ranged Weapons | 1 |  1.7
Throwing       | 1 |  1.7
Armour         | 1 |  1.7
Stealth        | 1 |  1.7
Shields        | 1 |  1.7
Unarmed Combat | 1 |  1.7
Evocations     | 1 |  1.7
Spellcasting   | 3 |  3.3
Conjurations   | 1 |  1.3
Summonings     | 1 |  1.3
Necromancy     | 1 |  1.3
Translocations | 1 |  1.3
Fire Magic     | 1 |  1.3
Ice Magic      | 1 |  1.3
Air Magic      | 1 |  1.3
Earth Magic    | 1 |  1.3
Poison Magic   | 1 |  1.3
Dodging        | 3 |  3.1
Hexes          | 4 |  4.0
Transmutations | 4 |  4.0
Fighting       | |  8.7

Action                     |  1- 3 |  4- 6 || total
---------------------------+-------+-------++-------
  Melee: Dagger            |    60 |       ||    60
         Bite              |     9 |    11 ||    20
         Short sword       |    49 |    78 ||   127
         Kick              |     8 |     7 ||    15
         Headbutt          |     2 |     3 ||     5
  Throw: Javelin           |     2 |     5 ||     7
   Cast: Beastly Appendage |     5 |     3 ||     8
         Wereblood         |     4 |     3 ||     7
         Slow              |       |     2 ||     2
    Use: Scroll            |     1 |     3 ||     4
         Potion            |       |     1 ||     1
   Stab: Sleeping          |     1 |     3 ||     4
 Armour: Robe              |    11 |    11 ||    22
         Skin              |       |    10 ||    10
  Dodge: Dodged            |    68 |    42 ||   110
